 Dungeon Crawl Stone Soup version 0.31-a0-358-gac0dbeb3ab (webtiles) character file.

Game seed: 7519452890160889541

1 IndexError the Caller (level 1, 0/13 HPs)
             Began as a Gnoll Summoner on July 25, 2023.
             Slain by a goblin
             ... wielding a +2 dagger of flaming
              (6 damage)
             ... on level 1 of the Dungeon.
             The game lasted 00:00:48 (147 turns).

IndexError the Caller (Gnoll Summoner)               Turns: 147, Time: 00:00:48

Health: 0/13       AC:  2    Str:  7    XL:     1   Next: 20%
Magic:  6/6        EV: 13    Int: 14    God:
Gold:   29         SH:  0    Dex: 12    Spells: 8/9 levels left

rFire   . . .        e - +0 hand axe
rCold   . . .        (no shield)
rNeg    . . .        a - +0 robe
rPois   .            (no helmet)
rElec   .            (no cloak)
rCorr   .            (no gloves)
SInv    .            (no boots)
Will    .....        (no amulet)
Stlth   ++           (no ring)
HPRegen 0.22/turn    (no ring)
MPRegen 0.10/turn

%: no passive effects
@: no status effects
A: fangs 1, strong nose, distributed training
a: no special abilities


You were on level 1 of the Dungeon.
You visited 1 branch of the dungeon, and saw 1 of its levels.

You collected 29 gold pieces.

Inventory:

Hand Weapons
 e - a +0 hand axe (weapon)
   (You found it on level 1 of the Dungeon)
Armour
 a - a +0 robe (worn)
Potions
 b - a potion of magic


   Skills:
 + Level 0.0 Fighting
 + Level 0.0 Short Blades
 + Level 0.0 Long Blades
 + Level 0.0 Axes
 + Level 0.0 Maces & Flails
 + Level 0.0 Polearms
 + Level 0.0 Staves
 + Level 0.0 Ranged Weapons
 + Level 0.0 Throwing
 + Level 0.0 Armour
 + Level 4.4 Dodging
 + Level 4.0 Stealth
 + Level 0.0 Shields
 + Level 0.0 Unarmed Combat
 + Level 4.8 Spellcasting
 + Level 0.0 Conjurations
 + Level 0.0 Hexes
 + Level 7.0 Summonings
 + Level 0.0 Necromancy
 + Level 0.0 Translocations
 + Level 0.0 Transmutations
 + Level 0.0 Fire Magic
 + Level 0.0 Ice Magic
 + Level 0.0 Air Magic
 + Level 0.0 Earth Magic
 + Level 0.0 Poison Magic
 + Level 0.0 Invocations
 + Level 0.0 Evocations
 + Level 0.0 Shapeshifting


You had 8 spell levels left.
You knew the following spells:

 Your Spells              Type           Power      Damage    Failure   Level
a - Summon Small Mammal   Summ           92%        N/A       1%          1

Your spell library contained the following spells:

 Spells                   Type           Power      Damage    Failure   Level
 Call Imp                 Summ           46%        N/A       1%          2
 Call Canine Familiar     Summ           23%        N/A       3%          3
 Summon Guardian Golem    Hex/Summ       13%        N/A       13%         3
 Summon Lightning Spire   Summ/Air       13%        N/A       38%         4


Dungeon Overview and Level Annotations

Branches:
Dungeon (1/15)

Altars:


Innate Abilities, Weirdness & Mutations

You have very sharp teeth.
Your uncanny sense of smell can sniff out nearby items.
Your experience applies equally to all skills.


Message History

Bad channel name 'Jiyva says' for runrest: 'Jiyva says: Divide and consume' Welcome, IndexError the Gnoll Summoner.
The awesome Orb of Zot lies far below, as if waiting for you to find it.
Press ? for a list of commands and other information.
Found a staircase leading out of the dungeon.
Okay, then.
You open the door.
There is an open door here.
You open the door.
There is an open door here.
You open the door.
There is an open door here.
You now have 15 gold pieces.
There is an open door here.
You open the door.
There is an open door here.
You now have 29 gold pieces (gained 14).
c - a +0 mace
Found a stone staircase leading down.
A goblin comes into view. It is wielding a +0 club.
You now have 5/6 mp.
You swap places.
The goblin shouts!
Your quokka barely misses the goblin.
Your quokka bites the goblin.
The goblin barely misses your quokka.
Your quokka bites the goblin.
The goblin hits your quokka with a +0 club.
Your quokka bites the goblin.
Magic restored.
You swap places.
d - a +0 club
e - a +0 hand axe MP restored: 6
e - a +0 hand axe (weapon)
You drop a +0 mace.
You drop a +0 club.
You swap places.
A goblin and a hobgoblin come into view.
The goblin is wielding a +2 dagger of flaming.
The goblin shouts!
The hobgoblin shouts!
You hear a shout!
The hobgoblin completely misses your quokka.
Your quokka barely misses the hobgoblin.
The hobgoblin hits your quokka but does no damage.
Your quokka closely misses the hobgoblin.
You swap places.
The hobgoblin hits you.
You take 2 damage, and have 11/13 hp.
You closely miss the hobgoblin.
Your quokka bites the hobgoblin.
The hobgoblin hits you.
Your quokka closely misses the hobgoblin.
You take 5 damage, and have 6/13 hp.
MASSIVE DAMAGE!!
You are too injured to fight recklessly!
You are too injured to fight recklessly!
You hit the hobgoblin.
The goblin hits you with a +2 dagger of flaming.
You die...

#.# #.# #.# ..## #.# #.#
...# #.#
#.########..#### #.#
#..............## #.#
#.....)........?###
#.####.####.##.........#
.....#.####.###.g......#
#.##.#..........@r.....#
.....#..###...##.....#.#
........# ###.###....#
#.##.#..# #.# ##..#
..##....#####.# ..#
...#........... .#
#.......#####.. #
##...[..# ##.. ∆
.#......# ..


You could see a goblin (ally target) and a friendly quokka (summoned).

Vanquished Creatures
  A hobgoblin (D:1)
1 creature vanquished.

Vanquished Creatures (collateral kills)
  A goblin (D:1)
1 creature vanquished.

Grand Total: 2 creatures vanquished

Notes
Turn   | Place    | Note
-------+----------+-------------------------------------------
     0 | D:1      | IndexError the Gnoll Summoner began the quest for the Orb.
     0 | D:1      | Reached XP level 1. HP: 13/13 MP: 6/6
   147 | D:1      | Slain by a goblin

Illustrated notes

Levels and vault maps discovered:
D:1:      evilmike_arrival_rings, layout_loops_ring, serial_shops,
          nicolae_shop_statue_plus

Action                     || total
---------------------------++-------
  Melee: Hand axe          ||     2
   Cast: Summon Small Mamm ||     1

Table legend: (Time is in decaauts)
 A = Elapsed time spent in this place.
 B = Non-inter-level travel time spent in this place.
 C = Inter-level travel time spent in this place.
 D = Time resting spent in this place.
 E = Time spent auto-exploring this place.
 F = Levels seen in this place.
 G = Mean time per level.
                   A        B        C        D        E       F      G
               +--------+--------+--------+--------+--------+-----+--------+
         Total |    146 |    146 |      0 |      0 |    120 |   1 |  146.0 |
       Dungeon |    146 |    146 |      0 |      0 |    120 |   1 |  146.0 |
               +--------+--------+--------+--------+--------+-----+--------+

Top non-repeatable levels by time:
     D:1: 146 daAuts

Levels and vault maps discovered:
D:1:      evilmike_arrival_rings, layout_loops_ring, serial_shops,
          nicolae_shop_statue_plus

Table legend: (Time is in decaauts)
 A = Elapsed time spent in this place.
 B = Non-inter-level travel time spent in this place.
 C = Inter-level travel time spent in this place.
 D = Time resting spent in this place.
 E = Time spent auto-exploring this place.
 F = Levels seen in this place.
 G = Mean time per level.
                   A        B        C        D        E       F      G
               +--------+--------+--------+--------+--------+-----+--------+
         Total |    146 |    146 |      0 |      0 |    120 |   1 |  146.0 |
       Dungeon |    146 |    146 |      0 |      0 |    120 |   1 |  146.0 |
               +--------+--------+--------+--------+--------+-----+--------+

Top non-repeatable levels by time:
     D:1: 146 daAuts

Table legend:
 A = Kills in this place as a percentage of kills in the entire game.
 B = Kills by you in this place as a percentage of kills by you in the entire game.
 C = Kills by friends in this place as a percentage of kills by friends in the entire game.
 D = Other kills in this place as a percentage of other kills in the entire game.
 E = Experience gained in this place as a percentage of experience gained in the entire game.
 F = Experience gained in this place divided by the number of levels of this place that you have seen.
                   A       B       C       D       E      F
               +-------+-------+-------+-------+-------+----------------------
         Total | 100.0 | 100.0 | 100.0 |   N/A | 100.0 |   4.0
       Dungeon | 100.0 | 100.0 | 100.0 |   N/A | 100.0 |   4.0
               +-------+-------+-------+-------+-------+----------------------
